AoeStats
← low cortisol gaming

Arena

506786310Analyzed
1v1 RM · 18d ago on Sep 15, 2026· 45m 56s· 2 players
Game mode
Random Map
Map size
Tiny (2 player)
Population
200
Speed
Normal
Resources
Standard
Victory
Conquest
Starting age
Dark Age
Ending age
Imperial Age
RankedLock teamsTeams togetherTeam positionsShared explorationLock speedFull tech treeHidden civsTurbo modeCheats
Victory
Defeat
🇨🇱 Teutons · Chile
828
+16
🇦🇷 Burgundians · Argentina
831
-42
Sir Paul
6:06 Loom
10:04 Feudal Age
11:52 Double-Bit Axe
16:48 Castle Age
15:09 Gold Mining
15:03 Horse Collar
19:45 Bow Saw
20:30 Heavy Plow
22:48 Wheelbarrow
25:36 Hand Cart
25:07 Town Watch
27:16 Forging
27:46 Town Patrol
29:14 Scale Mail Armor
34:24 Imperial Age
33:05 Squires
32:51 Gambesons
33:54 Arson
34:13 Scale Mail Armor
34:49 Iron Casting
34:37 Heavy Scorpion
36:45 Conscription
35:46 Elite Teutonic Knight
36:27 Stone Mining
37:45 Chemistry
37:48 Blast Furnace
39:35 Two-Man Saw
39:02 Chain Mail Armor
42:37 Stone Shaft Mining
42:38 Plate Mail Armor
45:05 Crenellations
45:11 Ironclad
low cortisol gaming
8:19 Horse Collar
11:31 Feudal Age
11:31 Double-Bit Axe
15:23 Bow Saw
15:16 Horse Collar
18:43 Arson
19:26 Heavy Plow
19:43 Forging
19:33 Scale Mail Armor
19:39 Scale Barding Armor
19:29 Stone Mining
24:55 Castle Age
26:38 Squires
32:09 Wheelbarrow
31:19 Town Watch
35:34 Gold Mining
38:14 Ballistics
38:40 Fletching
39:43 Masonry
40:11 Husbandry
39:31 Light Cavalry
39:36 Cavalier
40:53 Hand Cart
40:39 Town Patrol
Connection lost

Rejoining the realm…

Still unreachable

The connection could not be restored.

Session expired

The server has moved on; the page needs a fresh start.